 Dungeon Crawl Stone Soup version 0.19-a0-1008-g4c63d25 (webtiles) character file.

22 Gruud the Changer (level 2, 0/21 HPs)
             Began as a Demonspawn Transmuter on July 22, 2016.
             Succumbed to an adder's poison
             ... on level 2 of the Dungeon.
             The game lasted 00:02:35 (1053 turns).

Gruud the Changer (Demonspawn Transmuter)           Turns: 1053, Time: 00:02:36

Health: 0/21       AC:  2    Str: 10    XL:     2   Next: 68%
Magic:  1/5        EV: 12    Int: 14    God:
Gold:   89         SH:  0    Dex: 13    Spells: 2 memorised, 2 levels left

rFire  . . .     SeeInvis .       - Unarmed
rCold  . . .     Gourm    .     b - +0 robe
rNeg   . . .     Faith    +     (no shield)
rPois  .         Spirit   +     (no helmet)
rElec  .         Dismiss  .     (no cloak)
rCorr  +         Reflect  .     (no gloves)
SustAt .         Harm     .     (no boots)
MR     .....                    e - amulet of faith
Stlth  +.........               (no ring)
                                h - ring of resist corrosion

@: lethally poisoned (0 -> -11), appendage (expiring), flying, very slightly
contaminated, not resistant to hostile enchantments, very unstealthy
A: horns 2, magic shield
a: End Transformation


You were on level 2 of the Dungeon.
You were not hungry.
You had grown temporary horns.
You visited 1 branch of the dungeon, and saw 2 of its levels.

You collected 89 gold pieces.

Inventory:

Missiles
 a - 12 arrows
 k - 2 tomahawks (quivered)
Armour
 b - a +0 robe (worn)
Jewellery
 e - an amulet of faith (around neck)
 h - a ring of resist corrosion (left hand)
Scrolls
 g - 2 scrolls of remove curse {unknown}
 j - 3 scrolls of random uselessness {unknown}
 l - 3 scrolls of enchant armour {unknown}
 m - 6 scrolls of identify {unknown}
Books
 c - a book of Changes

   Spells                             Type                      Level
   a - Beastly Appendage              Transmutation                1
   b - Sticks to Snakes               Transmutation                2
   c - Spider Form                    Transmutation/Poison         3
   d - Ice Form                       Ice/Transmutation            4
   e - Blade Hands                    Transmutation                5
Comestibles
 d - a bread ration
 f - 2 chunks of flesh


   Skills:
 - Level 1.0 Fighting
 - Level 1.7 Dodging
 - Level 2.6 Unarmed Combat
 - Level 2.0 Spellcasting
 * Level 3.0 Transmutations


You had 2 spell levels left.
You knew the following spells:

 Your Spells              Type           Power        Failure   Level  Hunger
a - Beastly Appendage     Tmut           #.....       10%         1    ##.....
b - Sticks to Snakes      Tmut           #.......     12%         2    ###....


Dungeon Overview and Level Annotations

Branches:
Dungeon (2/15)

Altars:


Innate Abilities, Weirdness & Mutations

When hurt, damage is shared between your health and your magic reserves.
You have a pair of horns on your head.


Message History

The adder is almost dead.
You feel sick. The adder misses you. The adder bites you.
* * * LOW HITPOINT WARNING * * *
Some of the chunks of flesh in your inventory have rotted away.
You miss the adder. Your headbutt misses the adder.
The adder is almost dead.
The adder barely misses you.
You miss the adder.
The adder is almost dead.
* * * LOW HITPOINT WARNING * * *
You feel sick. The adder closely misses you.
It was a potion of flight.
You feel very buoyant.
You fly up into the air.
The adder bites you.
* * * LOW HITPOINT WARNING * * *
You are more poisoned.
The adder poisons you!
You barely miss the adder.
The adder is almost dead.
You die...

.....
#...................
....
#................... ...
#................... ...
####..................
....................#
....................#
...(................##
...........###........
$.....S@......###.....
..............# ....
...(..........# .......
..............# .......
.(...#........# .......
.....#.......... .......
........................
.$.......#####..........
.......


You could see an adder.

Vanquished Creatures
  A dart slug (D:1)
  A giant gecko (D:1)
  4 bats
  2 giant cockroaches (D:1)
  2 goblins
  A hobgoblin (D:1)
  2 ball pythons (D:1)
  4 kobolds (D:1)
17 creatures vanquished.

Notes
Turn   | Place    | Note
-------+----------+-------------------------------------------
     0 | D:1      | Gruud the Demonspawn Transmuter began the quest for the Orb.
     0 | D:1      | Reached XP level 1. HP: 15/15 MP: 3/3
   109 | D:1      | Reached skill level 2 in Transmutations
   438 | D:1      | Gained mutation: When hurt, damage is shared between your health and your magic reserves. [demonic ancestry]
   438 | D:1      | Reached XP level 2. HP: 21/21 MP: 3/5
   767 | D:1      | Learned a level 2 spell: Sticks to Snakes
  1000 | D:2      | Reached skill level 3 in Transmutations
  1051 | D:2      | HP: 1/21 [poisoned by an adder]
  1053 | D:2      | Succumbed to an adder's poison

Vault maps used:
D:1:      dpeg_arrival_windows_large_door, minmay_split_cup_small
D:2:      nemelex_spade_bored_becter

Skill      XL: |  1  2 |
---------------+-------+-----
Transmutations | 2 3 |  3.0
Fighting       | |  1.0
Dodging        | |  1.7
Unarmed Combat | |  2.6
Spellcasting   | |  2.0

Action                   || total
-------------------------++-------
Melee: Unarmed           ||    83
       Headbutt          ||     6
       Kick              ||     3
Throw: Tomahawk          ||     2
 Cast: Beastly Appendage ||    11
  Use: Potion            ||     3
  Eat: Chunk             ||     1
Armor: Robe              ||    23
Dodge: Dodged            ||    58
